 Dungeon Crawl Stone Soup version 0.21.1-1-g345015f (webtiles) character file.

426 kae the Insei (level 6, -1/46 HPs)
             Began as a Demonspawn Transmuter on June 14, 2018.
             Slain by a centaur
             ... wielding a cursed -3 short sword
              (4 damage)
             ... on level 5 of the Dungeon.
             The game lasted 00:03:44 (5593 turns).

kae the Insei (Demonspawn Transmuter)               Turns: 5593, Time: 00:03:45

Health: -1/46      AC:  2    Str: 10    XL:     6   Next: 64%
Magic:  7/10       EV: 21    Int: 14    God:
Gold:   89         SH:  0    Dex: 21    Spells: 5/11 levels left

rFire    . . .     SeeInvis .     - Unarmed
rCold    . . .     Gourm    .   (shield currently unavailable)
rNeg     . . .     Faith    .   (armour currently unavailable)
rPois    x         Spirit   .   (helmet currently unavailable)
rElec    .         Reflect  .   (cloak currently unavailable)
rCorr    .         Harm     .   (gloves currently unavailable)
MR       .....                  (boots currently unavailable)
Stlth    ++........             (no amulet)
HPRegen  0.15/turn              (no ring)
MPRegen  0.12/turn              (no ring)

@: spider-form
A: tiny, powered by pain 1
a: End Transformation


You were on level 5 of the Dungeon.
You were very hungry.
You were a venomous arachnid creature.
You visited 1 branch of the dungeon, and saw 5 of its levels.

You collected 231 gold pieces.
You spent 142 gold pieces at shops.

Inventory:

Missiles
 a - 82 arrows
Armour
 b - a +0 robe (melded)
 l - the +1 robe of Laekihope {rPois rN+ Int+3 Dex-4}
   (You bought it in a shop on level 4 of the Dungeon)

   It affects your intelligence (+3).
   It affects your dexterity (-4).
   It protects you from poison.
   It protects you from negative energy.
Jewellery
 r - a +2 ring of evasion {unknown}
Wands
 g - a wand of paralysis (14)
 s - a wand of random effects (17)
Scrolls
 f - a scroll of enchant weapon {unknown}
 i - 4 scrolls of identify
 j - a scroll of remove curse
 k - 2 scrolls of teleportation
 p - a scroll of enchant armour {unknown}
 u - a scroll of amnesia {unknown}
Potions
 e - a potion of resistance
 h - a potion of heal wounds
 m - a potion of brilliance
 n - a potion of might {unknown}
 o - a potion of flight {unknown}
 t - a potion of degeneration {unknown}
Books
 c - a book of Changes

   Spells                             Type                      Level
   a - Beastly Appendage              Transmutation                1
   b - Sticks to Snakes               Transmutation                2
   c - Spider Form                    Transmutation/Poison         3
   d - Ice Form                       Ice/Transmutation            4
   e - Blade Hands                    Transmutation                5
 q - a book of Necromancy

   Spells                             Type                      Level
   a - Pain                           Necromancy                   1
   b - Animate Skeleton               Necromancy                   1
   c - Vampiric Draining              Necromancy                   3
   d - Regeneration                   Charms/Necromancy            3
   e - Animate Dead                   Necromancy                   4
   f - Borgnjor's Vile Clutch         Necromancy/Earth             5
Comestibles
 d - 8 rations


   Skills:
 + Level 2.8 Fighting
 + Level 3.0 Dodging
 * Level 4.5 Unarmed Combat
 + Level 3.2 Spellcasting
 + Level 3.0 Transmutations


You had 5 spell levels left.
You knew the following spells:

 Your Spells              Type           Power        Failure   Level  Hunger
a - Beastly Appendage     Tmut           ##....       17%         1    #......
b - Sticks to Snakes      Tmut           ##......     22%         2    ##.....
c - Spider Form           Tmut/Pois      #.........   54%         3    ###....


Dungeon Overview and Level Annotations

Branches:
Dungeon (5/15)
 Temple: D:4-7

Altars:
Dithmenos
Elyvilon
Fedhas
Qazlal
Uskayaw

Shops:
D:4 [

Annotations:
D:3 olivier's ghost, weakling GrFi
D:5 tidbits's ghost, novice GnNe


Innate Abilities, Weirdness & Mutations

((You have a pair of small antennae on your head.))
You sometimes gain a little power by taking damage.
((When seriously injured, your bleeding wounds create thick armour. (AC +0)))


Message History

The arrow hits you but does no damage.
Casting: Spider Form
Confirm with . or Enter, or press ? or * to list all spells.
You turn into a venomous arachnid creature.
Your +0 robe melds into your body.
You are feeling very hungry.
Your blood armour dries and flakes away.
The centaur barely misses you. The centaur closely misses you.
The centaur shoots an arrow.
The arrow hits you!
* * * LOW HITPOINT WARNING * * *
The centaur hits you with a short sword!
* * * LOW HITPOINT WARNING * * *
The centaur hits you but does no damage.
The centaur shoots an arrow.
The arrow barely misses you. The centaur barely misses you. x2
You hit the centaur.
The centaur is poisoned.
The centaur is lightly wounded.
The centaur hits you but does no damage.
The centaur hits you with a short sword.
You die...

.. ..### ... c..##
##..####..####
............#
#....$.....##
#........[..###
#..........<..#
#..........##c########
#..........##s(......#
#.......>.....%.(....#
#######.######.......#
## #.# #...(...# ..
#.## #....(..# #. #..#
#.).....# .. ##.#
#.......# #.##.#
######### #....#


You could see a centaur.

Vanquished Creatures
  2 ice beasts
  A scorpion (D:4)
  A hound (D:4)
  Ijyb (D:3)
  A worker ant (D:4)
  3 adders
  A shadow imp (D:5)
  2 oozes (D:3)
  A worm (D:2)
  3 leopard geckos
  2 bats (D:1)
  A giant cockroach (D:1)
  11 hobgoblins
  4 jackals (D:3)
  5 frilled lizards
  8 goblins
  8 kobolds
  A quokka zombie (D:3)
  8 rats
64 creatures vanquished.

Vanquished Creatures (collateral kills)
  An adder (D:2)
1 creature vanquished.

Grand Total: 65 creatures vanquished

Notes
Turn   | Place    | Note
-------+----------+-------------------------------------------
     0 | D:1      | kae the Demonspawn Transmuter began the quest for the Orb.
     0 | D:1      | Reached XP level 1. HP: 15/15 MP: 3/3
   282 | D:1      | Gained mutation: When seriously injured, your bleeding wounds create armour. (AC +0) [demonic ancestry]
   282 | D:1      | Reached XP level 2. HP: 21/21 MP: 3/5
   397 | D:1      | Reached skill level 3 in Unarmed Combat
   947 | D:1      | Learned a level 2 spell: Sticks to Snakes
   953 | D:2      | Gained mutation: You sometimes gain a little power by taking damage. [demonic ancestry]
   953 | D:2      | Reached XP level 3. HP: 13/26 MP: 3/6
  1233 | D:2      | Found a hide-covered altar of Uskayaw.
  1290 | D:2      | Found a stormy altar of Qazlal.
  1363 | D:2      | Found a faded altar of an unknown god.
  2270 | D:3      | Noticed an ice beast
  2294 | D:2      | Killed an ice beast
  2294 | D:2      | Gained mutation: When seriously injured, your bleeding wounds create thick armour. (AC +0) [demonic ancestry]
  2294 | D:2      | Reached XP level 4. HP: 22/33 MP: 6/8
  2294 | D:2      | Gained mutation: You have a pair of small antennae on your head. [demonic ancestry]
  2294 | D:2      | Reached XP level 5. HP: 25/38 MP: 6/9
  2496 | D:3      | Learned a level 3 spell: Spider Form
  2520 | D:3      | Noticed olivier's ghost (weakling GrFi)
  2561 | D:3      | Noticed Ijyb
  2564 | D:3      | Paralysed by Ijyb for 4 turns
  2574 | D:3      | Killed Ijyb
  2912 | D:3      | Reached skill level 4 in Unarmed Combat
  3387 | D:3      | Found a white marble altar of Elyvilon.
  4129 | D:4      | Found Tyffeh's Antique Armour Boutique.
  4137 | D:4      | Bought a faintly humming robe for 142 gold pieces
  4147 | D:4      | Identified the +1 robe of Laekihope {rPois rN+ Int+3 Dex-4} (You bought it in a shop on level 4 of the Dungeon)
  4547 | D:4      | Reached XP level 6. HP: 46/46 MP: 7/10
  4689 | D:4      | Found a blossoming altar of Fedhas.
  4884 | D:4      | Found a shadowy altar of Dithmenos.
  5156 | D:5      | Entered Level 5 of the Dungeon
  5168 | D:5      | Noticed tidbits's ghost (novice GnNe)
  5340 | D:5      | Noticed an ice beast
  5357 | D:5      | Killed an ice beast
  5591 | D:5      | HP: 2/46 [centaur/short sword (11)]
  5593 | D:5      | Slain by a centaur

Skill      XL: |  1  2  3  4  5  6 |
---------------+-------------------+-----
Unarmed Combat | 3 4 |  4.5
Transmutations | 2 3 |  3.0
Dodging        | 2 3 |  3.0
Fighting       | 2 |  2.8
Spellcasting   | 3 |  3.2

Action                   |  1- 3 |  4- 6 || total
-------------------------+-------+-------++-------
Melee: Unarmed           |   150 |   111 ||   261
       Headbutt          |     5 |       ||     5
       Kick              |     6 |     5 ||    11
       Punch             |     2 |       ||     2
 Cast: Beastly Appendage |    15 |     4 ||    19
       Sticks to Snakes  |     2 |       ||     2
       Spider Form       |       |     4 ||     4
  Use: Scroll            |     2 |     7 ||     9
       Potion            |     1 |     1 ||     2
 Stab: Sleeping          |     2 |     3 ||     5
  Eat: Chunk             |     5 |     3 ||     8
       Ration            |       |     2 ||     2
Armor: Robe              |    24 |    13 ||    37
       Skin              |     9 |    12 ||    21
Dodge: Dodged            |    75 |    73 ||   148
